 Dungeon Crawl Stone Soup version 0.26-a0-652-gafc20e3620 (webtiles) character file.

Game seed: 10576001326084290658

317 reriks the Shield-Bearer (level 6, -3/39 HPs)
             Began as a Gargoyle Fighter on Oct 2, 2020.
             Slain by an ogre
             ... wielding a +0 giant spiked club
              (21 damage)
             ... on level 5 of the Dungeon.
             The game lasted 00:03:17 (2948 turns).

reriks the Shield-Bearer (Gargoyle Fighter)         Turns: 2948, Time: 00:03:18

Health: -3/39      AC: 14    Str: 19    XL:     6   Next: 45%
Magic:  6/6        EV:  7    Int: 11    God:
Gold:   133        SH:  9    Dex:  9    Spells: 5/5 levels left

rFire    x . .     SeeInvis .   w - +0 morningstar
rCold    + . .     Faith    .   c - +0 kite shield
rNeg     + . .     Spirit   .   b - +0 scale mail
rPois    ∞         Reflect  .   (no helmet)
rElec    +         Harm     .   n - +0 cloak
rCorr    .         Rampage  .   (no gloves)
MR       .....                  l - +0 pair of boots
Stlth    ..........             (no amulet)
HPRegen  0.13/turn              i - ring of ice (curse)
MPRegen  0.10/turn              (no ring)

@: no status effects
A: negative energy resistance 1, electricity resistance, unbreathing,
petrification resistance, rot immunity, AC +4
a: no special abilities


You were on level 5 of the Dungeon.
You visited 1 branch of the dungeon, and saw 5 of its levels.

You collected 133 gold pieces.

Inventory:

Hand Weapons
 a - a +0 flail
 w - a +0 morningstar (weapon)
 x - a +0 short sword
Armour
 b - a +0 scale mail (worn)
 c - a +0 kite shield (worn)
 l - a +0 pair of boots (worn)
 n - a +0 cloak (worn)
Jewellery
 i - a cursed ring of ice (left hand)
 y - an uncursed ring of positive energy {unknown}
Scrolls
 f - a scroll of noise {unknown}
 k - 4 scrolls of enchant armour {unknown}
 m - a scroll of magic mapping {unknown}
 p - 5 scrolls of teleportation {unknown}
 q - 3 scrolls of identify {unknown}
 s - a scroll of random uselessness {unknown}
 t - a scroll of remove curse {unknown}
 u - a scroll of enchant weapon {unknown}
 v - a scroll of fear {unknown}
Potions
 d - 2 potions of might
 e - 2 potions of haste {unknown}
 g - a potion of degeneration {unknown}
 h - 3 potions of lignification {unknown}
 j - a potion of ambrosia {unknown}
 o - a potion of flight {unknown}
 r - a potion of curing {unknown}


   Skills:
 + Level 4.7 Fighting
 + Level 3.6 Maces & Flails
 + Level 4.7 Armour
 + Level 4.8 Shields


You had 5 spell levels left.
You didn't know any spells.
Your spell library was empty.

Dungeon Overview and Level Annotations

Branches:
Dungeon (5/15)
 Temple: D:4-7

Altars:
Dithmenos
Elyvilon
Gozag
Ru
Trog
Yredelemnul

Annotations:
D:4 2 transporters, YeahChawlz's ghost, amateur HOFi


Innate Abilities, Weirdness & Mutations

You are resistant to torment.
Your stone body is resilient. (AC +4)
You are immune to poison.
You resist negative energy. (rN+)
You are resistant to electric shocks. (rElec)
You can survive without breathing.
You are immune to petrification.
You are immune to rotting.


Message History

The boomerang of dispersal barely misses you.
The orc throws a boomerang of dispersal.
The boomerang of dispersal barely misses you.
There is a stone staircase leading down here.
You climb downwards.
You hear the sound of rushing water.
There is an entrance to a sewer on this level.
Hurry and find it before the portal rusts away!
An ogre comes into view. It is wielding a +0 giant spiked club.
The ogre shouts!
There is a stone staircase leading up here.
You puncture the ogre!
The ogre is moderately wounded.
The ogre hits you with a +0 giant spiked club!!
Ouch! That really hurt!
You hit the ogre.
The ogre is heavily wounded.
A scorpion comes into view.
The ogre hits you with a +0 giant spiked club!!
Ouch! That really hurt!
You die...

## .# ###.#
####.#<#.######
........@O......
#####.#...#s....
#.##### ... # .


You could see an ogre and a scorpion.

Vanquished Creatures
  3 orc wizards (D:4)
  An orc priest (D:4)
  A worker ant (D:4)
  A hound skeleton (D:4)
  3 adders
  2 oozes (D:1)
  2 worms
  A dart slug (D:1)
  3 leopard geckos
  17 orcs
  4 giant cockroaches
  2 gnoll zombies (D:3)
  4 goblins
  12 hobgoblins
  5 jackals
  2 quokkas (D:2)
  3 bats
  A frilled lizard (D:3)
  5 kobolds
  6 rats
78 creatures vanquished.

Vanquished Creatures (others)
  An orc wizard (D:4)
1 creature vanquished.

Grand Total: 79 creatures vanquished

Notes
Turn   | Place    | Note
-------+----------+-------------------------------------------
     0 | D:1      | reriks the Gargoyle Fighter began the quest for the Orb.
     0 | D:1      | Reached XP level 1. HP: 14/14 MP: 1/1
   118 | D:1      | Reached XP level 2. HP: 18/19 MP: 2/2
   332 | D:1      | Reached XP level 3. HP: 23/23 MP: 3/3
  1083 | D:2      | Reached XP level 4. HP: 29/29 MP: 4/4
  1976 | D:3      | Found a white marble altar of Elyvilon.
  2192 | D:3      | Reached XP level 5. HP: 33/33 MP: 5/5
  2200 | D:3      | Found a basalt altar of Yredelemnul.
  2426 | D:4      | Found a transporter.
  2429 | D:4      | Noticed YeahChawlz's ghost (amateur HOFi)
  2474 | D:4      | Found a transporter.
  2688 | D:4      | Found a sacrificial altar of Ru.
  2699 | D:4      | Found a shadowy altar of Dithmenos.
  2700 | D:4      | Found a bloodstained altar of Trog.
  2718 | D:4      | Reached XP level 6. HP: 36/39 MP: 6/6
  2739 | D:4      | Found an opulent altar of Gozag.
  2945 | D:5      | Entered Level 5 of the Dungeon
  2948 | D:5      | Slain by an ogre

Illustrated notes

Levels and vault maps discovered:
D:1:      minmay_arrival_plants_in_alcoves, layout_loops_ring
D:2:      layout_rooms
D:3:      layout_basic, lemuel_zombie_altar_yredelemnul, elyvilon_altar_1
D:4:      layout_loops_corners, minitemple, gammafunk_ghost_stat_death,
          minivault_26, grunt_ministairs_15
D:5:      layout_basic, portal_sewer_entry_d

Skill      XL: |  1  2  3  4 |
---------------+-------------+-----
Shields        | 4 |  4.8
Armour         | 4 |  4.7
Fighting       | 4 |  4.7
Maces & Flails | 3 |  3.6

Action                   |  1- 3 |  4- 6 || total
-------------------------+-------+-------++-------
Melee: Flail             |   120 |   142 ||   262
       Morningstar       |       |    71 ||    71
Armor: Scale mail        |    57 |   151 ||   208
Dodge: Dodged            |    36 |    67 ||   103
Block: Kite shield       |    50 |   142 ||   192

Table legend: (Time is in decaauts)
 A = Elapsed time spent in this place.
 B = Non-inter-level travel time spent in this place.
 C = Inter-level travel time spent in this place.
 D = Time resting spent in this place.
 E = Time spent auto-exploring this place.
 F = Levels seen in this place.
 G = Mean time per level.
                   A        B        C        D        E       F      G
               +--------+--------+--------+--------+--------+-----+--------+
         Total |   3080 |   2963 |    117 |    444 |   1826 |   5 |  616.0 |
       Dungeon |   3080 |   2963 |    117 |    444 |   1826 |   5 |  616.0 |
               +--------+--------+--------+--------+--------+-----+--------+

Top non-repeatable levels by time:
     D:3: 912 daAuts
     D:1: 852 daAuts
     D:4: 747 daAuts
     D:2: 563 daAuts
     D:5: 3 daAuts
